Jets vs Flyers
(R1)
Created - 21 mai 2016 at 23:18
Goals
|
Jets |
1 |
3 |
1 |
5 |
Flyers |
3 |
1 |
3 |
7 |
|
Shots
|
Jets |
9 |
19 |
12 |
40 |
Flyers |
13 |
10 |
9 |
32 |
|
1st period
1. Flyers , Loui Eriksson 3 (Jeff Carter, Dany Heatley) at 1:34
2. Flyers , Alex Killorn 1 (Stefan Ruzicka, Pavel Kubina) at 2:40 (PP)
3. Jets , Daniel Sedin 7 (Derek Roy, Adam Pardy) at 7:07
4. Flyers , Jeff Carter 8 (Loui Eriksson, Dany Heatley) at 11:11
Penalties :
Adam Pardy (Win) for Hooking (Minor) at 1:39, Darroll Powe (Win) for Holding (Minor) at 16:13
2nd period
5. Jets , Benoit Pouliot 9 (Chris Phillips, Derek Roy) at 3:14 (PP)
6. Jets , Dmitri Kalinin 3 (Kevin Klein, Kari Lehtonen) at 12:31 (PP)
7. Flyers , Patrick Marleau 3 (Matt Smaby) at 13:23
8. Jets , Chris Phillips 3 (Mikko Koivu, Blake Wheeler) at 15:20 (PP)
Penalties :
Stefan Ruzicka (Phi) for Slashing (Minor) at 3:00, Chris Phillips (Win) for High sticking (Minor) at 10:06, Chris Kreider (Phi) for Tripping (Minor) at 10:52, Matthew Lombardi (Phi) for Holding (Minor) at 14:48, Dave Tanabe (Phi) for Hooking (Minor) at 18:45, Matthew Lombardi (Phi) for Holding Stick (Minor) at 19:03
3rd period
9. Flyers , Dany Heatley 12 (Jeff Carter, Dave Tanabe) at 1:58
10. Jets , Benoit Pouliot 10 (Anton Volchenkov, Mikko Koivu) at 15:10
11. Flyers , Jeff Carter 9 (Dany Heatley, Patrick Marleau) at 16:42
12. Flyers , Georges Laraque 2 (Dany Heatley, Matthew Lombardi) at 18:56
Penalties :
Matt Smaby (Phi) for Holding (Minor) at 2:47, Jussi Jokinen (Win) for Tripping (Minor) at 5:17, Blake Wheeler (Win) for Hooking (Minor) at 10:24
Goalie Stats
Kari Lehtonen (Win), 25 saves from 32 shots - (0,781), L, 8-1-1, 60:00 minutes
Viktor Fasth (Phi), 35 saves from 40 shots - (0,875), W, 6-1-0, 60:00 minutes
Players Stats for Jets
Player Name G A P +/- PIM S H SB GA TA FO MP PP MP PK MP
------------------------------------------------------------------------------------
Adam Pardy 0 1 1 -1 2 0 0 4 0 2 0/0 16:33 0:00 4:15
Anton Volchenkov 0 1 1 0 0 1 2 1 0 2 0/0 23:55 2:12 3:29
Benoit Pouliot 2 0 2 0 0 4 2 0 1 0 0/0 19:48 3:00 2:28
Blair Betts 0 0 0 -3 0 1 0 0 0 0 2/3 8:11 0:00 1:30
Blake Wheeler 0 1 1 0 2 2 0 0 1 0 0/0 19:41 2:04 2:59
Brendan Bell 0 0 0 -3 0 1 1 1 0 0 0/0 19:20 0:00 2:43
Chris Phillips 1 1 2 -1 2 1 1 3 0 0 0/0 11:05 2:28 0:00
Daniel Sedin 1 0 1 0 0 4 2 0 1 0 0/2 18:51 2:04 1:45
Darroll Powe 0 0 0 -1 2 0 2 2 1 0 7/15 13:28 0:00 2:52
Derek Roy 0 2 2 -1 0 4 0 1 0 1 12/28 18:45 3:00 0:14
Dmitri Kalinin 1 0 1 0 0 3 2 4 0 1 0/0 29:50 3:16 5:01
Dustin Brown 0 0 0 0 0 6 0 0 0 0 2/2 18:12 3:00 1:14
Eric Fehr 0 0 0 -3 0 2 0 0 0 1 0/0 6:52 0:08 0:00
Fredrik Sjostrom 0 0 0 -3 0 2 2 0 1 0 3/4 8:59 0:00 2:26
Jussi Jokinen 0 0 0 -1 2 5 2 0 0 0 0/1 11:16 0:24 0:00
Kevin Klein 0 1 1 -3 0 2 0 2 0 0 0/0 19:31 3:16 0:00
Mikko Koivu 0 2 2 1 0 1 1 0 1 0 11/16 15:24 2:04 0:00
Tomas Kopecky 0 0 0 -1 0 1 0 0 0 0 0/1 11:17 0:24 0:00
Players Stats for Flyers
Player Name G A P +/- PIM S H SB GA TA FO MP PP MP PK MP
------------------------------------------------------------------------------------
Alex Killorn 1 0 1 1 0 3 3 0 0 0 6/13 15:09 3:15 0:00
Chris Kreider 0 0 0 -1 2 1 1 0 1 0 0/0 11:18 3:03 0:36
Dany Heatley 1 4 5 4 0 6 0 1 1 0 1/1 21:08 4:15 0:13
Dave Tanabe 0 1 1 3 2 2 0 2 1 0 0/0 26:47 5:12 2:39
Georges Laraque 1 0 1 2 0 1 2 0 0 0 0/0 13:19 0:25 0:31
James Wisniewski 0 0 0 1 0 0 0 0 0 2 0/0 10:27 0:40 0:53
Jeff Carter 2 2 4 3 0 10 3 1 0 0 19/40 23:35 3:45 2:31
Jeff O'Neill 0 0 0 -1 0 0 0 0 1 0 0/0 8:42 0:00 1:07
Jeff Woywitka 0 0 0 1 0 2 2 0 0 0 0/0 24:47 1:52 2:31
Kyle McLaren 0 0 0 0 0 1 0 1 0 0 0/0 8:28 0:40 0:21
Loui Eriksson 1 1 2 3 0 2 1 1 0 1 1/2 21:22 4:15 0:00
Mats Zuccarello 0 0 0 0 0 0 1 0 0 0 0/0 9:03 0:00 0:00
Matt Smaby 0 1 1 1 2 1 0 3 1 0 0/0 22:47 1:52 0:51
Matthew Lombardi 0 1 1 1 4 0 2 0 0 0 7/14 11:16 0:00 1:36
Patrick Marleau 1 1 2 1 0 2 3 0 0 0 1/2 13:29 0:55 0:13
Pavel Kubina 0 1 1 2 0 0 1 7 0 2 0/0 26:56 5:12 3:43
Rostislav Olesz 0 0 0 0 0 1 0 1 2 1 0/0 12:29 0:14 2:25
Stefan Ruzicka 0 1 1 -1 2 0 0 2 0 0 0/0 10:30 3:04 0:00
3 Stars
1 - Jeff Carter (Phi)
2 - Dany Heatley (Phi)
3 - Loui Eriksson (Phi)
Power Play
Jets - 3 on 6 Attempt(s) - 50,00%
Flyers - 1 on 5 Attempt(s) - 20,00%
Penalty Kill
Jets - 4 on 5 Attempt(s) - 80,00%
- Score 0 goal in Penalty Kill
Flyers - 3 on 6 Attempt(s) - 50,00%
- Score 0 goal in Penalty Kill
Team Stat
Jets - Hits : 17 - Faceoff Wins : 37 - Blocked Shots : 18 - Penalty Minutes : 10
Flyers - Hits : 19 - Faceoff Wins : 35 - Blocked Shots : 19 - Penalty Minutes : 12
Official
Referees : Rehman Kyle and StLaurent Francois
Linesman : Vaughan Rody and Thor Nelson
Game Notes
2:40 of 1st period - Flyers goal is going for a video replay. After video review, Goal.
15:10 of 3rd period - Jets goal is going for a video replay. After video review, Goal.
16:42 of 3rd period - Flyers goal is going for a video replay. After video review, Goal.
Finance
Level 1 -- Attendance: 6000 (100,00%) -- Ticket Income 510 000 $
Level 2 -- Attendance: 5000 (100,00%) -- Ticket Income 250 000 $
Level 3 -- Attendance: 2000 (100,00%) -- Ticket Income 60 000 $
Level 4 -- Attendance: 4000 (100,00%) -- Ticket Income 80 000 $
Luxury Box -- Attendance: 1000 (100,00%) -- Ticket Income 165 000 $
Game was played at the Wells Fargo Center.
Total Attendance: 18000 (100,00%)
Total Ticket Income: 1 065 000 $
Other Income: 159 750 $
Total Income: 1 224 750 $
Jets
5 vs 5 Forward
Center Left Wing Right Wing Time % Phy DF OF
1 Derek Roy Daniel Sedin Blake Wheeler 36 2 2 1
2 Mikko Koivu Benoit Pouliot Dustin Brown 34 1 1 3
3 Darroll Powe Jussi Jokinen Tomas Kopecky 20 1 2 2
4 Blair Betts Fredrik Sjostrom Eric Fehr 10 1 2 2
5 vs 5 Defense
Defense Defense Time % Phy DF OF
1 Anton Volchenkov Dmitri Kalinin 37 2 2 1
2 Brendan Bell Kevin Klein 33 1 2 2
3 Chris Phillips Adam Pardy 20 1 2 2
4 Dmitri Kalinin Adam Pardy 10 1 2 2
PowerPlay Forward
Center Left Wing Right Wing Time % Phy DF OF
1 Derek Roy Benoit Pouliot Dustin Brown 60 1 1 3
2 Mikko Koivu Daniel Sedin Blake Wheeler 40 1 1 3
PowerPlay Defense
Defense Defense Time % Phy DF OF
1 Dmitri Kalinin Kevin Klein 60 0 2 3
2 Anton Volchenkov Chris Phillips 40 0 2 3
Penalty Kill 4 Players Forward
Center Wing Time % Phy DF OF
1 Darroll Powe Blake Wheeler 60 1 2 2
2 Daniel Sedin Dustin Brown 40 1 2 2
Penalty Kill 4 Players Defense
Defense Defense Time % Phy DF OF
1 Dmitri Kalinin Adam Pardy 60 1 2 2
2 Anton Volchenkov Brendan Bell 40 1 2 2
Penalty Kill - 3 Players Forward
Forward Time % Phy DF OF
1 Blake Wheeler 60 1 2 2
2 Darroll Powe 40 1 2 2
Penalty Kill - 3 Players Defense
Defense Defense Time % Phy DF OF
1 Dmitri Kalinin Adam Pardy 60 1 2 2
2 Anton Volchenkov Brendan Bell 40 1 2 2
4 vs 4 Forward
Center Wing Time % Phy DF OF
1 Benoit Pouliot Derek Roy 60 1 2 2
2 Daniel Sedin Dustin Brown 40 1 2 2
4 vs 4 Defense
Defense Defense Time % Phy DF OF
1 Dmitri Kalinin Kevin Klein 60 1 2 2
2 Anton Volchenkov Brendan Bell 40 1 2 2
Last Minutes Offensive
Center Left Wing Right Wing Defense Defense
Derek Roy Benoit Pouliot Dustin Brown Dmitri Kalinin Anton Volchenkov
Last Minutes Defensive
Center Left Wing Right Wing Defense Defense
Darroll Powe Daniel Sedin Blake Wheeler Dmitri Kalinin Anton Volchenkov
Goaltenders
Starting : Kari Lehtonen
Backup : Ilya Bryzgalov
Extra Forwards
Normal : Jussi Jokinen, Tomas Kopecky, Fredrik Sjostrom - PP : Jussi Jokinen, Tomas Kopecky - PK : Fredrik Sjostrom
Extra Defensemen
Normal : Kevin Klein, Adam Pardy, Anton Volchenkov - PP : Kevin Klein - PK : Adam Pardy, Anton Volchenkov
Penalty Shots
Benoit Pouliot, Derek Roy, Daniel Sedin, Dustin Brown, Mikko Koivu
Flyers
5 vs 5 Forward
Center Left Wing Right Wing Time % Phy DF OF
1 Jeff Carter Dany Heatley Loui Eriksson 40 0 1 4
2 Alex Killorn Patrick Marleau Georges Laraque 30 1 2 2
3 Matthew Lombardi Rostislav Olesz Mats Zuccarello 20 0 3 2
4 Jeff O'Neill Chris Kreider Stefan Ruzicka 10 1 2 2
5 vs 5 Defense
Defense Defense Time % Phy DF OF
1 Pavel Kubina Dave Tanabe 40 0 2 3
2 Jeff Woywitka Matt Smaby 40 0 3 2
3 James Wisniewski Kyle McLaren 15 0 5 0
4 Pavel Kubina Dave Tanabe 5 0 2 3
PowerPlay Forward
Center Left Wing Right Wing Time % Phy DF OF
1 Jeff Carter Dany Heatley Loui Eriksson 60 0 0 5
2 Alex Killorn Chris Kreider Stefan Ruzicka 40 0 0 5
PowerPlay Defense
Defense Defense Time % Phy DF OF
1 Pavel Kubina Dave Tanabe 60 0 2 3
2 Jeff Woywitka Matt Smaby 40 0 3 2
Penalty Kill 4 Players Forward
Center Wing Time % Phy DF OF
1 Matthew Lombardi Rostislav Olesz 60 0 5 0
2 Jeff O'Neill Georges Laraque 40 0 5 0
Penalty Kill 4 Players Defense
Defense Defense Time % Phy DF OF
1 Dave Tanabe Pavel Kubina 60 0 5 0
2 Matt Smaby Jeff Woywitka 40 0 5 0
Penalty Kill - 3 Players Forward
Forward Time % Phy DF OF
1 Matthew Lombardi 60 0 5 0
2 Jeff O'Neill 40 0 5 0
Penalty Kill - 3 Players Defense
Defense Defense Time % Phy DF OF
1 Pavel Kubina Dave Tanabe 60 0 5 0
2 Jeff Woywitka Matt Smaby 40 0 5 0
4 vs 4 Forward
Center Wing Time % Phy DF OF
1 Jeff Carter Loui Eriksson 60 0 2 3
2 Matthew Lombardi Rostislav Olesz 40 0 3 2
4 vs 4 Defense
Defense Defense Time % Phy DF OF
1 Pavel Kubina Dave Tanabe 60 0 2 3
2 Jeff Woywitka Matt Smaby 40 0 3 2
Last Minutes Offensive
Center Left Wing Right Wing Defense Defense
Jeff Carter Dany Heatley Loui Eriksson Pavel Kubina Jeff Woywitka
Last Minutes Defensive
Center Left Wing Right Wing Defense Defense
Matthew Lombardi Dany Heatley Georges Laraque Jeff Woywitka Matt Smaby
Goaltenders
Starting : Viktor Fasth
Backup : Cory Schneider
Extra Forwards
Normal : Jeff Carter, Dany Heatley, Patrick Marleau - PP : Jeff Carter, Patrick Marleau - PK : Matthew Lombardi
Extra Defensemen
Normal : Pavel Kubina, Jeff Woywitka, Dave Tanabe - PP : Pavel Kubina - PK : Jeff Woywitka, Matt Smaby
Penalty Shots
Patrick Marleau, Dany Heatley, Jeff Carter, Loui Eriksson, Matthew Lombardi
% Time on Ice - Jets
Lines # - Real PCT - Wanted PCT - Time Play
Normal Forward
1 - 33% - 36% - 14:55
2 - 29% - 34% - 13:20
3 - 23% - 20% - 10:37
4 - 14% - 10% - 6:33
Normal Defense
1 - 41% - 37% - 18:42
2 - 35% - 33% - 15:56
3 - 19% - 20% - 8:32
4 - 5% - 10% - 2:15
PP Forward
1 - 62% - 60% - 3:24
2 - 38% - 40% - 2:04
PP Defense
1 - 60% - 60% - 3:16
2 - 40% - 40% - 2:12
PK Forward
1 - 84% - 60% - 6:30
2 - 16% - 40% - 1:14
PK Defense
1 - 65% - 60% - 5:01
2 - 35% - 40% - 2:43
PK3 Forward
1 - 0% - 60%
2 - 0% - 40%
PK3 Defense
1 - 0% - 60%
2 - 0% - 40%
44 Forward
1 - 68% - 60% - 0:50
2 - 32% - 40% - 0:23
44 Defense
1 - 53% - 60% - 0:39
2 - 47% - 40% - 0:34
Last Minute Offensive - 0:10
Last Minute Defensive - 0:00
Total
Forward - 60:00
Defense - 60:00
|
% Time on Ice - Flyers
Lines # - Real PCT - Wanted PCT - Time Play
Normal Forward
1 - 37% - 40% - 17:01
2 - 26% - 30% - 11:54
3 - 20% - 20% - 9:03
4 - 16% - 10% - 7:27
Normal Defense
1 - 40% - 40% - 18:13
2 - 43% - 40% - 19:28
3 - 16% - 15% - 7:27
4 - 1% - 5% - 0:17
PP Forward
1 - 58% - 60% - 4:29
2 - 42% - 40% - 3:15
PP Defense
1 - 67% - 60% - 5:12
2 - 33% - 40% - 2:32
PK Forward
1 - 86% - 60% - 3:16
2 - 14% - 40% - 0:31
PK Defense
1 - 59% - 60% - 2:15
2 - 41% - 40% - 1:32
PK3 Forward
1 - 100% - 60% - 1:41
2 - 0% - 40% - 0:00
PK3 Defense
1 - 100% - 60% - 1:41
2 - 0% - 40% - 0:00
44 Forward
1 - 73% - 60% - 0:53
2 - 27% - 40% - 0:20
44 Defense
1 - 23% - 60% - 0:17
2 - 77% - 40% - 0:56
Last Minute Offensive - 0:00
Last Minute Defensive - 0:10
Total
Forward - 60:00
Defense - 60:00
|
Play by Play
1st period
0:01 of 1st period - Jeff Carter wins face-off versus Derek Roy in neutral zone.
0:12 of 1st period - Snap shot by Daniel Sedin.
0:12 of 1st period - Stopped by Viktor Fasth with a rebound.
0:35 of 1st period - Wrist shot by Benoit Pouliot.
0:35 of 1st period - Shot Misses the Net.
1:22 of 1st period - Icing by Eric Fehr.
1:23 of 1st period - Blair Betts wins face-off versus Jeff Carter in Jets zone.
1:34 of 1st period - Slapshot by Loui Eriksson.
1:34 of 1st period - Goal by Loui Eriksson - Jets : 0 - Flyers : 1.
1:35 of 1st period - Alex Killorn wins face-off versus Derek Roy in neutral zone.
1:39 of 1st period - Minor Penalty to Adam Pardy for Hooking.
1:40 of 1st period - Jeff Carter wins face-off versus Darroll Powe in Jets zone.
1:47 of 1st period - Snap shot by Jeff Carter.
1:47 of 1st period - Stopped by Kari Lehtonen without a rebound.
1:48 of 1st period - Dany Heatley wins face-off versus Darroll Powe in Jets zone.
2:12 of 1st period - Snap shot by Dustin Brown.
2:12 of 1st period - Shot Blocked by Dave Tanabe.
2:38 of 1st period - Slapshot by Pavel Kubina.
2:38 of 1st period - Shot Blocked by Brendan Bell.
2:40 of 1st period - Snap shot by Stefan Ruzicka.
2:40 of 1st period - Deflect By Alex Killorn.
2:40 of 1st period - Flyers goal is going for a video replay.
2:40 of 1st period - The goal is good.
2:40 of 1st period - Goal by Alex Killorn - Jets : 0 - Flyers : 2.
2:41 of 1st period - Alex Killorn wins face-off versus Mikko Koivu in neutral zone.
2:44 of 1st period - Dustin Brown is hit by Alex Killorn and loses puck.
3:17 of 1st period - Slapshot by Jeff O'Neill.
3:17 of 1st period - Shot Blocked by Chris Phillips.
3:19 of 1st period - Wrist shot by Chris Kreider.
3:19 of 1st period - Shot Blocked by Adam Pardy.
3:29 of 1st period - Slapshot by Jeff Carter.
3:29 of 1st period - Stopped by Kari Lehtonen with a rebound.
3:55 of 1st period - Snap shot by Matthew Lombardi.
3:55 of 1st period - Shot Blocked by Dmitri Kalinin.
4:13 of 1st period - Dmitri Kalinin is hit by Georges Laraque and loses puck.
4:39 of 1st period - Icing by Daniel Sedin.
4:40 of 1st period - Derek Roy wins face-off versus Alex Killorn in Jets zone.
6:10 of 1st period - Snap shot by Chris Kreider.
6:10 of 1st period - Stopped by Kari Lehtonen with a rebound.
6:12 of 1st period - Slapshot by Matt Smaby.
6:12 of 1st period - Shot Misses the Net.
6:30 of 1st period - Matt Smaby is hit by Daniel Sedin.
7:07 of 1st period - Snap shot by Daniel Sedin.
7:07 of 1st period - Goal by Daniel Sedin - Jets : 1 - Flyers : 2.
7:08 of 1st period - Dustin Brown wins face-off versus Jeff Carter in neutral zone.
7:20 of 1st period - Off-side.
7:21 of 1st period - Mikko Koivu wins face-off versus Jeff Carter in neutral zone.
7:24 of 1st period - Backhand shot by Dustin Brown.
7:24 of 1st period - Stopped by Viktor Fasth with a rebound.
7:47 of 1st period - Kevin Klein is hit by Patrick Marleau and loses puck.
7:52 of 1st period - Wrist shot by Patrick Marleau.
7:52 of 1st period - Shot Misses the Net.
7:54 of 1st period - Snap shot by Patrick Marleau.
7:54 of 1st period - Shot Blocked by Kevin Klein.
7:56 of 1st period - Slapshot by Kyle McLaren.
7:56 of 1st period - Deflect By Kevin Klein.
7:56 of 1st period - Stopped by Kari Lehtonen without a rebound.
7:57 of 1st period - Mikko Koivu wins face-off versus Jeff Carter in Jets zone.
8:04 of 1st period - Slapshot by Mikko Koivu.
8:04 of 1st period - Shot Misses the Net.
8:12 of 1st period - Wrist shot by Dustin Brown.
8:12 of 1st period - Stopped by Viktor Fasth without a rebound.
8:13 of 1st period - Darroll Powe wins face-off versus Alex Killorn in Flyers zone.
8:20 of 1st period - Wrist shot by Jussi Jokinen.
8:20 of 1st period - Stopped by Viktor Fasth without a rebound.
8:21 of 1st period - Alex Killorn wins face-off versus Jussi Jokinen in Flyers zone.
8:34 of 1st period - Snap shot by Jussi Jokinen.
8:34 of 1st period - Shot Misses the Net.
8:36 of 1st period - Wrist shot by Jussi Jokinen.
8:36 of 1st period - Stopped by Viktor Fasth with a rebound.
8:46 of 1st period - Dustin Brown is hit by Pavel Kubina and loses puck.
8:57 of 1st period - Wrist shot by Dany Heatley.
8:57 of 1st period - Deflect By Jeff Carter.
8:57 of 1st period - Stopped by Kari Lehtonen with a rebound.
9:06 of 1st period - Icing by Fredrik Sjostrom.
9:07 of 1st period - Matthew Lombardi wins face-off versus Blair Betts in Jets zone.
9:22 of 1st period - Slapshot by Anton Volchenkov.
9:22 of 1st period - Stopped by Viktor Fasth with a rebound.
9:40 of 1st period - Wrist shot by Jeff Carter.
9:40 of 1st period - Shot Misses the Net.
10:51 of 1st period - Pavel Kubina is hit by Chris Phillips.
11:09 of 1st period - Snap shot by Dany Heatley.
11:09 of 1st period - Shot Blocked by Adam Pardy.
11:11 of 1st period - Slapshot by Loui Eriksson.
11:11 of 1st period - Deflect By Jeff Carter.
11:11 of 1st period - Goal by Jeff Carter - Jets : 1 - Flyers : 3.
11:12 of 1st period - Jeff Carter wins face-off versus Mikko Koivu in neutral zone.
11:28 of 1st period - Wrist shot by Dany Heatley.
11:28 of 1st period - Stopped by Kari Lehtonen with a rebound.
11:42 of 1st period - Off-side.
11:43 of 1st period - Darroll Powe wins face-off versus Alex Killorn in neutral zone.
12:53 of 1st period - Slapshot by Matt Smaby.
12:53 of 1st period - Shot Blocked by Chris Phillips.
13:15 of 1st period - Icing by Adam Pardy.
13:16 of 1st period - Alex Killorn wins face-off versus Tomas Kopecky in Jets zone.
13:19 of 1st period - Snap shot by Patrick Marleau.
13:19 of 1st period - Shot Misses the Net.
13:21 of 1st period - Slapshot by Dave Tanabe.
13:21 of 1st period - Stopped by Kari Lehtonen without a rebound.
13:22 of 1st period - Mikko Koivu wins face-off versus Jeff Carter in Jets zone.
13:29 of 1st period - Wrist shot by Benoit Pouliot.
13:29 of 1st period - Deflect By Mikko Koivu.
13:29 of 1st period - Shot Misses the Net.
13:29 of 1st period - Puck is out of play.
13:30 of 1st period - Jeff Carter wins face-off versus Mikko Koivu in Flyers zone.
13:35 of 1st period - Wrist shot by Dany Heatley.
13:35 of 1st period - Stopped by Kari Lehtonen with a rebound.
14:13 of 1st period - Snap shot by Jeff Carter.
14:13 of 1st period - Stopped by Kari Lehtonen without a rebound.
14:14 of 1st period - Alex Killorn wins face-off versus Derek Roy in Jets zone.
14:25 of 1st period - Wrist shot by Patrick Marleau.
14:25 of 1st period - Stopped by Kari Lehtonen with a rebound.
14:41 of 1st period - Jussi Jokinen is hit by Mats Zuccarello and loses puck.
15:33 of 1st period - Snap shot by Stefan Ruzicka.
15:33 of 1st period - Shot Blocked by Anton Volchenkov.
15:39 of 1st period - Snap shot by Chris Kreider.
15:39 of 1st period - Shot Blocked by Derek Roy.
16:03 of 1st period - Snap shot by Dany Heatley.
16:03 of 1st period - Shot Misses the Net.
16:05 of 1st period - Wrist shot by Jeff Carter.
16:05 of 1st period - Shot Misses the Net.
16:07 of 1st period - Wrist shot by Jeff Carter.
16:07 of 1st period - Shot Blocked by Darroll Powe.
16:13 of 1st period - Minor Penalty to Darroll Powe for Holding.
16:14 of 1st period - Fredrik Sjostrom wins face-off versus Jeff Carter in Jets zone.
18:07 of 1st period - Adam Pardy is hit by Georges Laraque and loses puck.
18:13 of 1st period - Penalty to Darroll Powe is over, Darroll Powe is back on ice.
18:18 of 1st period - Dmitri Kalinin is hit by Patrick Marleau and loses puck.
18:31 of 1st period - Wrist shot by Dustin Brown.
18:31 of 1st period - Stopped by Viktor Fasth with a rebound.
18:57 of 1st period - Tomas Kopecky is hit by Chris Kreider and loses puck.
19:28 of 1st period - Snap shot by Daniel Sedin.
19:28 of 1st period - Stopped by Viktor Fasth without a rebound.
19:29 of 1st period - Derek Roy wins face-off versus Jeff Carter in Flyers zone.
19:38 of 1st period - Derek Roy is hit by Jeff Carter and loses puck.
19:57 of 1st period - Patrick Marleau is hit by Darroll Powe and loses puck.
Goals for this period are 1 for Jets vs 3 for Flyers.
Shots for this period are 9 for Jets vs 13 for Flyers.
2nd period
0:01 of 2nd period - Derek Roy wins face-off versus Jeff Carter in neutral zone.
0:04 of 2nd period - Slapshot by Dmitri Kalinin.
0:04 of 2nd period - Shot Blocked by Dave Tanabe.
0:11 of 2nd period - Icing by Dave Tanabe.
0:12 of 2nd period - Jeff Carter wins face-off versus Derek Roy in Flyers zone.
0:42 of 2nd period - Backhand shot by Alex Killorn.
0:42 of 2nd period - Stopped by Kari Lehtonen with a rebound.
0:44 of 2nd period - Slapshot by Alex Killorn.
0:44 of 2nd period - Stopped by Kari Lehtonen without a rebound.
0:45 of 2nd period - Mikko Koivu wins face-off versus Alex Killorn in Jets zone.
1:14 of 2nd period - Snap shot by Dany Heatley.
1:14 of 2nd period - Stopped by Kari Lehtonen with a rebound.
1:17 of 2nd period - Icing by Brendan Bell.
1:18 of 2nd period - Jeff Carter wins face-off versus Derek Roy in Jets zone.
1:19 of 2nd period - Snap shot by Dany Heatley.
1:19 of 2nd period - Deflect By Jeff Carter.
1:19 of 2nd period - Stopped by Kari Lehtonen without a rebound.
1:20 of 2nd period - Derek Roy wins face-off versus Jeff Carter in Jets zone.
1:45 of 2nd period - Dmitri Kalinin is hit by Alex Killorn and loses puck.
1:52 of 2nd period - Slapshot by Anton Volchenkov.
1:52 of 2nd period - Shot Blocked by Pavel Kubina.
1:54 of 2nd period - Snap shot by Benoit Pouliot.
1:54 of 2nd period - Shot Misses the Net.
2:52 of 2nd period - Slapshot by Eric Fehr.
2:52 of 2nd period - Stopped by Viktor Fasth with a rebound.
3:00 of 2nd period - Minor Penalty to Stefan Ruzicka for Slashing.
3:01 of 2nd period - Dustin Brown wins face-off versus Matthew Lombardi in Flyers zone.
3:06 of 2nd period - Snap shot by Derek Roy.
3:06 of 2nd period - Deflect By Dustin Brown.
3:06 of 2nd period - Deflect By Matthew Lombardi.
3:06 of 2nd period - Stopped by Viktor Fasth with a rebound.
3:08 of 2nd period - Slapshot by Anton Volchenkov.
3:08 of 2nd period - Shot Blocked by Pavel Kubina.
3:10 of 2nd period - Slapshot by Chris Phillips.
3:10 of 2nd period - Shot Misses the Net.
3:12 of 2nd period - Snap shot by Derek Roy.
3:12 of 2nd period - Shot Misses the Net.
3:14 of 2nd period - Slapshot by Chris Phillips.
3:14 of 2nd period - Deflect By Benoit Pouliot.
3:14 of 2nd period - Goal by Benoit Pouliot - Jets : 2 - Flyers : 3.
3:15 of 2nd period - Derek Roy wins face-off versus Jeff Carter in neutral zone.
3:48 of 2nd period - Snap shot by Dustin Brown.
3:48 of 2nd period - Shot Misses the Net.
4:04 of 2nd period - Slapshot by Pavel Kubina.
4:04 of 2nd period - Shot Blocked by Darroll Powe.
4:06 of 2nd period - Slapshot by Pavel Kubina.
4:06 of 2nd period - Shot Blocked by Chris Phillips.
4:36 of 2nd period - Wrist shot by Eric Fehr.
4:36 of 2nd period - Deflect By Matt Smaby.
4:36 of 2nd period - Stopped by Viktor Fasth with a rebound.
4:56 of 2nd period - Snap shot by Blake Wheeler.
4:56 of 2nd period - Shot Misses the Net.
5:19 of 2nd period - Georges Laraque is hit by Benoit Pouliot.
5:54 of 2nd period - Slapshot by Jeff Carter.
5:54 of 2nd period - Stopped by Kari Lehtonen with a rebound.
6:18 of 2nd period - Snap shot by Derek Roy.
6:18 of 2nd period - Stopped by Viktor Fasth with a rebound.
6:20 of 2nd period - Slapshot by Dmitri Kalinin.
6:20 of 2nd period - Shot Blocked by Pavel Kubina.
6:22 of 2nd period - Slapshot by Dmitri Kalinin.
6:22 of 2nd period - Shot Blocked by Stefan Ruzicka.
6:58 of 2nd period - Jeff Woywitka is hit by Jussi Jokinen and loses puck.
7:18 of 2nd period - Wrist shot by Fredrik Sjostrom.
7:18 of 2nd period - Stopped by Viktor Fasth without a rebound.
7:19 of 2nd period - Fredrik Sjostrom wins face-off versus Jeff Carter in Flyers zone.
8:07 of 2nd period - Blake Wheeler is hit by Matthew Lombardi.
8:13 of 2nd period - Snap shot by Daniel Sedin.
8:13 of 2nd period - Stopped by Viktor Fasth with a rebound.
8:54 of 2nd period - Jeff Carter is hit by Anton Volchenkov.
9:19 of 2nd period - Georges Laraque is hit by Fredrik Sjostrom and loses puck.
10:06 of 2nd period - Minor Penalty to Chris Phillips for High sticking.
10:07 of 2nd period - Jeff Carter wins face-off versus Darroll Powe in Jets zone.
10:14 of 2nd period - Snap shot by Dany Heatley.
10:14 of 2nd period - Shot Misses the Net.
10:34 of 2nd period - Alex Killorn is hit by Dmitri Kalinin and loses puck.
10:52 of 2nd period - Minor Penalty to Chris Kreider for Tripping.
10:53 of 2nd period - Loui Eriksson wins face-off versus Derek Roy in Flyers zone.
11:43 of 2nd period - Snap shot by Matthew Lombardi.
11:43 of 2nd period - Shot Misses the Net.
12:06 of 2nd period - Penalty to Chris Phillips is over, Chris Phillips is back on ice.
12:29 of 2nd period - Slapshot by Dmitri Kalinin.
12:29 of 2nd period - Stopped by Viktor Fasth with a rebound.
12:31 of 2nd period - Slapshot by Dmitri Kalinin.
12:31 of 2nd period - Goal by Dmitri Kalinin - Jets : 3 - Flyers : 3.
12:32 of 2nd period - Jeff Carter wins face-off versus Derek Roy in neutral zone.
12:57 of 2nd period - Benoit Pouliot is hit by Patrick Marleau and loses puck.
13:23 of 2nd period - Snap shot by Patrick Marleau.
13:23 of 2nd period - Goal by Patrick Marleau - Jets : 3 - Flyers : 4.
13:24 of 2nd period - Jeff Carter wins face-off versus Derek Roy in neutral zone.
13:50 of 2nd period - Alex Killorn is hit by Dmitri Kalinin.
13:58 of 2nd period - Slapshot by Jeff Woywitka.
13:58 of 2nd period - Stopped by Kari Lehtonen without a rebound.
13:59 of 2nd period - Mikko Koivu wins face-off versus Jeff Carter in Jets zone.
13:59 of 2nd period - Mikko Koivu is hit by Jeff Carter.
14:46 of 2nd period - Slapshot by Jussi Jokinen.
14:46 of 2nd period - Shot Misses the Net.
14:48 of 2nd period - Minor Penalty to Matthew Lombardi for Holding.
14:49 of 2nd period - Derek Roy wins face-off versus Jeff Carter in Flyers zone.
15:00 of 2nd period - Wrist shot by Dustin Brown.
15:00 of 2nd period - Shot Misses the Net.
15:16 of 2nd period - Slapshot by Mikko Koivu.
15:16 of 2nd period - Shot Blocked by Rostislav Olesz.
15:18 of 2nd period - Slapshot by Chris Phillips.
15:18 of 2nd period - Shot Misses the Net.
15:20 of 2nd period - Slapshot by Chris Phillips.
15:20 of 2nd period - Goal by Chris Phillips - Jets : 4 - Flyers : 4.
15:21 of 2nd period - Jeff Carter wins face-off versus Daniel Sedin in neutral zone.
15:24 of 2nd period - Wrist shot by Dave Tanabe.
15:24 of 2nd period - Stopped by Kari Lehtonen with a rebound.
15:34 of 2nd period - Wrist shot by Derek Roy.
15:34 of 2nd period - Stopped by Viktor Fasth with a rebound.
15:36 of 2nd period - Snap shot by Blake Wheeler.
15:36 of 2nd period - Shot Misses the Net.
15:57 of 2nd period - Wrist shot by Kevin Klein.
15:57 of 2nd period - Stopped by Viktor Fasth with a rebound.
16:09 of 2nd period - Wrist shot by Jussi Jokinen.
16:09 of 2nd period - Stopped by Viktor Fasth with a rebound.
16:11 of 2nd period - Snap shot by Darroll Powe.
16:11 of 2nd period - Shot Misses the Net.
16:13 of 2nd period - Snap shot by Jussi Jokinen.
16:13 of 2nd period - Stopped by Viktor Fasth with a rebound.
17:20 of 2nd period - Slapshot by Dustin Brown.
17:20 of 2nd period - Shot Blocked by Kyle McLaren.
17:22 of 2nd period - Wrist shot by Dustin Brown.
17:22 of 2nd period - Stopped by Viktor Fasth without a rebound.
17:23 of 2nd period - Derek Roy wins face-off versus Loui Eriksson in Flyers zone.
17:30 of 2nd period - Snap shot by Derek Roy.
17:30 of 2nd period - Shot Blocked by Pavel Kubina.
17:40 of 2nd period - Backhand shot by Jeff Carter.
17:40 of 2nd period - Stopped by Kari Lehtonen with a rebound.
17:52 of 2nd period - Snap shot by Rostislav Olesz.
17:52 of 2nd period - Stopped by Kari Lehtonen without a rebound.
17:53 of 2nd period - Mikko Koivu wins face-off versus Matthew Lombardi in Jets zone.
17:58 of 2nd period - Mikko Koivu is hit by Matthew Lombardi and loses puck.
18:21 of 2nd period - Icing by Dany Heatley.
18:22 of 2nd period - Jeff Carter wins face-off versus Darroll Powe in Flyers zone.
18:27 of 2nd period - Snap shot by Jussi Jokinen.
18:27 of 2nd period - Shot Blocked by Pavel Kubina.
18:45 of 2nd period - Minor Penalty to Dave Tanabe for Hooking.
18:46 of 2nd period - Derek Roy wins face-off versus Matthew Lombardi in Flyers zone.
18:46 of 2nd period - Wrist shot by Benoit Pouliot.
18:46 of 2nd period - Shot Misses the Net.
18:48 of 2nd period - Snap shot by Derek Roy.
18:48 of 2nd period - Shot Blocked by Pavel Kubina.
18:50 of 2nd period - Slapshot by Dmitri Kalinin.
18:50 of 2nd period - Stopped by Viktor Fasth with a rebound.
18:52 of 2nd period - Snap shot by Derek Roy.
18:52 of 2nd period - Shot Misses the Net.
18:54 of 2nd period - Snap shot by Derek Roy.
18:54 of 2nd period - Stopped by Viktor Fasth with a rebound.
18:56 of 2nd period - Wrist shot by Dustin Brown.
18:56 of 2nd period - Stopped by Viktor Fasth with a rebound.
19:03 of 2nd period - Minor Penalty to Matthew Lombardi for Holding Stick.
19:04 of 2nd period - Jeff Carter wins face-off versus Derek Roy in Flyers zone.
19:40 of 2nd period - Snap shot by Blake Wheeler.
19:40 of 2nd period - Stopped by Viktor Fasth with a rebound.
Goals for this period are 3 for Jets vs 1 for Flyers.
Shots for this period are 19 for Jets vs 10 for Flyers.
3rd period
0:01 of 3rd period - Derek Roy wins face-off versus Jeff Carter in neutral zone.
0:27 of 3rd period - Jeff Carter is hit by Mikko Koivu and loses puck.
0:45 of 3rd period - Penalty to Dave Tanabe is over, Dave Tanabe is back on ice.
1:03 of 3rd period - Penalty to Matthew Lombardi is over, Matthew Lombardi is back on ice.
1:34 of 3rd period - Georges Laraque is hit by Fredrik Sjostrom and loses puck.
1:58 of 3rd period - Wrist shot by Dany Heatley.
1:58 of 3rd period - Goal by Dany Heatley - Jets : 4 - Flyers : 5.
1:59 of 3rd period - Jeff Carter wins face-off versus Derek Roy in neutral zone.
2:13 of 3rd period - Off-side.
2:14 of 3rd period - Mikko Koivu wins face-off versus Alex Killorn in neutral zone.
2:25 of 3rd period - Off-side.
2:26 of 3rd period - Jeff Carter wins face-off versus Derek Roy in neutral zone.
2:41 of 3rd period - Snap shot by Derek Roy.
2:41 of 3rd period - Stopped by Viktor Fasth with a rebound.
2:47 of 3rd period - Minor Penalty to Matt Smaby for Holding.
2:48 of 3rd period - Matthew Lombardi wins face-off versus Derek Roy in Flyers zone.
3:26 of 3rd period - Jeff Woywitka is hit by Daniel Sedin and loses puck.
4:47 of 3rd period - Penalty to Matt Smaby is over, Matt Smaby is back on ice.
5:17 of 3rd period - Minor Penalty to Jussi Jokinen for Tripping.
5:18 of 3rd period - Darroll Powe wins face-off versus Jeff Carter in Jets zone.
5:59 of 3rd period - Blake Wheeler is hit by Jeff Woywitka and loses puck.
6:43 of 3rd period - Jeff Carter is hit by Benoit Pouliot.
6:55 of 3rd period - Icing by Loui Eriksson.
6:56 of 3rd period - Patrick Marleau wins face-off versus Fredrik Sjostrom in Flyers zone.
6:58 of 3rd period - Icing by Loui Eriksson.
6:59 of 3rd period - Fredrik Sjostrom wins face-off versus Patrick Marleau in Flyers zone.
7:16 of 3rd period - Wrist shot by Benoit Pouliot.
7:16 of 3rd period - Stopped by Viktor Fasth without a rebound.
7:17 of 3rd period - Penalty to Jussi Jokinen is over, Jussi Jokinen is back on ice.
7:17 of 3rd period - Derek Roy wins face-off versus Matthew Lombardi in Flyers zone.
7:51 of 3rd period - Wrist shot by Patrick Marleau.
7:51 of 3rd period - Shot Misses the Net.
7:55 of 3rd period - Snap shot by Georges Laraque.
7:55 of 3rd period - Shot Blocked by Dmitri Kalinin.
8:07 of 3rd period - Jeff Carter is hit by Darroll Powe and loses puck.
8:28 of 3rd period - Wrist shot by Derek Roy.
8:28 of 3rd period - Shot Blocked by Stefan Ruzicka.
8:36 of 3rd period - Wrist shot by Derek Roy.
8:36 of 3rd period - Shot Misses the Net.
8:50 of 3rd period - Snap shot by Blair Betts.
8:50 of 3rd period - Stopped by Viktor Fasth without a rebound.
8:51 of 3rd period - Blair Betts wins face-off versus Jeff Carter in Flyers zone.
8:52 of 3rd period - Wrist shot by Fredrik Sjostrom.
8:52 of 3rd period - Shot Blocked by Jeff Carter.
9:00 of 3rd period - Wrist shot by Blair Betts.
9:00 of 3rd period - Shot Blocked by Matt Smaby.
9:02 of 3rd period - Wrist shot by Blair Betts.
9:02 of 3rd period - Deflect By Fredrik Sjostrom.
9:02 of 3rd period - Stopped by Viktor Fasth with a rebound.
9:04 of 3rd period - Slapshot by Kevin Klein.
9:04 of 3rd period - Shot Blocked by Matt Smaby.
9:06 of 3rd period - Wrist shot by Kevin Klein.
9:06 of 3rd period - Shot Blocked by Dany Heatley.
9:27 of 3rd period - Snap shot by Benoit Pouliot.
9:27 of 3rd period - Stopped by Viktor Fasth without a rebound.
9:28 of 3rd period - Jeff Carter wins face-off versus Derek Roy in Flyers zone.
9:28 of 3rd period - Jeff Carter is hit by Anton Volchenkov.
9:37 of 3rd period - Icing by Loui Eriksson.
9:38 of 3rd period - Derek Roy wins face-off versus Jeff Carter in Flyers zone.
10:01 of 3rd period - Slapshot by Derek Roy.
10:01 of 3rd period - Shot Blocked by Loui Eriksson.
10:24 of 3rd period - Minor Penalty to Blake Wheeler for Hooking.
10:25 of 3rd period - Alex Killorn wins face-off versus Darroll Powe in Jets zone.
10:31 of 3rd period - Snap shot by Chris Kreider.
10:31 of 3rd period - Shot Misses the Net.
10:33 of 3rd period - Backhand shot by Matt Smaby.
10:33 of 3rd period - Shot Blocked by Dmitri Kalinin.
10:35 of 3rd period - Slapshot by Matt Smaby.
10:35 of 3rd period - Shot Blocked by Adam Pardy.
10:37 of 3rd period - Wrist shot by Chris Kreider.
10:37 of 3rd period - Shot Blocked by Dmitri Kalinin.
10:39 of 3rd period - Snap shot by Alex Killorn.
10:39 of 3rd period - Shot Blocked by Adam Pardy.
10:51 of 3rd period - Fredrik Sjostrom is hit by Loui Eriksson and loses puck.
11:50 of 3rd period - Benoit Pouliot is hit by Alex Killorn and loses puck.
12:23 of 3rd period - Slapshot by Rostislav Olesz.
12:23 of 3rd period - Shot Misses the Net.
12:24 of 3rd period - Penalty to Blake Wheeler is over, Blake Wheeler is back on ice.
12:25 of 3rd period - Slapshot by Pavel Kubina.
12:25 of 3rd period - Shot Misses the Net.
12:27 of 3rd period - Wrist shot by Rostislav Olesz.
12:27 of 3rd period - Shot Misses the Net.
13:22 of 3rd period - Off-side.
13:23 of 3rd period - Jeff Carter wins face-off versus Derek Roy in neutral zone.
13:30 of 3rd period - Icing by Derek Roy.
13:31 of 3rd period - Derek Roy wins face-off versus Jeff Carter in Jets zone.
14:00 of 3rd period - Wrist shot by Derek Roy.
14:00 of 3rd period - Deflect By Blake Wheeler.
14:00 of 3rd period - Stopped by Viktor Fasth without a rebound.
14:01 of 3rd period - Mikko Koivu wins face-off versus Alex Killorn in Flyers zone.
14:35 of 3rd period - Slapshot by Jussi Jokinen.
14:35 of 3rd period - Shot Blocked by Pavel Kubina.
14:37 of 3rd period - Wrist shot by Jussi Jokinen.
14:37 of 3rd period - Stopped by Viktor Fasth without a rebound.
14:38 of 3rd period - Jeff Carter wins face-off versus Derek Roy in Flyers zone.
14:45 of 3rd period - Snap shot by Dany Heatley.
14:45 of 3rd period - Stopped by Kari Lehtonen without a rebound.
14:46 of 3rd period - Jeff Carter wins face-off versus Daniel Sedin in Jets zone.
14:47 of 3rd period - Snap shot by Dany Heatley.
14:47 of 3rd period - Shot Misses the Net.
14:49 of 3rd period - Slapshot by Loui Eriksson.
14:49 of 3rd period - Stopped by Kari Lehtonen without a rebound.
14:50 of 3rd period - Mikko Koivu wins face-off versus Jeff Carter in Jets zone.
14:54 of 3rd period - Off-side.
14:55 of 3rd period - Mikko Koivu wins face-off versus Jeff Carter in neutral zone.
15:06 of 3rd period - Snap shot by Mikko Koivu.
15:06 of 3rd period - Shot Misses the Net.
15:08 of 3rd period - Snap shot by Anton Volchenkov.
15:08 of 3rd period - Shot Blocked by Matt Smaby.
15:10 of 3rd period - Snap shot by Benoit Pouliot.
15:10 of 3rd period - Jets goal is going for a video replay.
15:10 of 3rd period - The goal is good.
15:10 of 3rd period - Goal by Benoit Pouliot - Jets : 5 - Flyers : 5.
15:11 of 3rd period - Matthew Lombardi wins face-off versus Darroll Powe in neutral zone.
15:13 of 3rd period - Off-side.
15:14 of 3rd period - Matthew Lombardi wins face-off versus Darroll Powe in neutral zone.
15:32 of 3rd period - Icing by Dmitri Kalinin.
15:33 of 3rd period - Darroll Powe wins face-off versus Jeff Carter in Jets zone.
15:40 of 3rd period - Anton Volchenkov is hit by Jeff Carter.
15:46 of 3rd period - Darroll Powe is hit by Jeff Woywitka and loses puck.
16:40 of 3rd period - Wrist shot by Dany Heatley.
16:40 of 3rd period - Shot Misses the Net.
16:42 of 3rd period - Slapshot by Jeff Carter.
16:42 of 3rd period - Flyers goal is going for a video replay.
16:42 of 3rd period - The goal is good.
16:42 of 3rd period - Goal by Jeff Carter - Jets : 5 - Flyers : 6.
16:43 of 3rd period - Darroll Powe wins face-off versus Matthew Lombardi in neutral zone.
16:46 of 3rd period - Slapshot by Brendan Bell.
16:46 of 3rd period - Stopped by Viktor Fasth without a rebound.
16:47 of 3rd period - Darroll Powe wins face-off versus Matthew Lombardi in Flyers zone.
17:16 of 3rd period - Wrist shot by Jeff Carter.
17:16 of 3rd period - Shot Blocked by Kevin Klein.
17:58 of 3rd period - Slapshot by Fredrik Sjostrom.
17:58 of 3rd period - Shot Misses the Net.
18:20 of 3rd period - Wrist shot by Matt Smaby.
18:20 of 3rd period - Stopped by Kari Lehtonen with a rebound.
18:36 of 3rd period - Slapshot by Jeff Woywitka.
18:36 of 3rd period - Stopped by Kari Lehtonen without a rebound.
18:37 of 3rd period - Jeff Carter wins face-off versus Mikko Koivu in Jets zone.
18:46 of 3rd period - Snap shot by Jeff Carter.
18:46 of 3rd period - Stopped by Kari Lehtonen without a rebound.
18:47 of 3rd period - Marc Crawford call a timeout for Jets.
18:47 of 3rd period - Matthew Lombardi wins face-off versus Derek Roy in Jets zone.
18:54 of 3rd period - Wrist shot by Dany Heatley.
18:54 of 3rd period - Stopped by Kari Lehtonen with a rebound.
18:56 of 3rd period - Wrist shot by Georges Laraque.
18:56 of 3rd period - Goal by Georges Laraque - Jets : 5 - Flyers : 7.
18:57 of 3rd period - Matthew Lombardi wins face-off versus Darroll Powe in neutral zone.
18:57 of 3rd period - Dave Tanabe is hit by Jussi Jokinen and loses puck.
19:02 of 3rd period - Rostislav Olesz is hit by Brendan Bell.
19:13 of 3rd period - Icing by Kevin Klein.
19:14 of 3rd period - Darroll Powe wins face-off versus Alex Killorn in Jets zone.
19:21 of 3rd period - Slapshot by Tomas Kopecky.
19:21 of 3rd period - Stopped by Viktor Fasth with a rebound.
19:23 of 3rd period - Snap shot by Jussi Jokinen.
19:23 of 3rd period - Shot Hit the Post.
19:25 of 3rd period - Slapshot by Jussi Jokinen.
19:25 of 3rd period - Shot Misses the Net.
19:27 of 3rd period - Slapshot by Kevin Klein.
19:27 of 3rd period - Shot Misses the Net.
19:35 of 3rd period - Wrist shot by Jussi Jokinen.
19:35 of 3rd period - Shot Misses the Net.
19:37 of 3rd period - Snap shot by Kevin Klein.
19:37 of 3rd period - Stopped by Viktor Fasth without a rebound.
19:38 of 3rd period - Mikko Koivu wins face-off versus Matthew Lombardi in Flyers zone.
19:39 of 3rd period - Wrist shot by Benoit Pouliot.
19:39 of 3rd period - Shot Misses the Net.
19:41 of 3rd period - Snap shot by Mikko Koivu.
19:41 of 3rd period - Stopped by Viktor Fasth without a rebound.
19:42 of 3rd period - Matthew Lombardi wins face-off versus Mikko Koivu in Flyers zone.
Goals for this period are 1 for Jets vs 3 for Flyers.
Shots for this period are 12 for Jets vs 9 for Flyers.
Back to the Top